 Dungeon Crawl Stone Soup version 0.27-a0-1202-ge72e49191c (webtiles) character file.

Game seed: 655250886404140965

356 bilbop the Cudgeller (level 6, -2/56 HPs)
             Began as a Minotaur Fighter on June 2, 2021.
             Was an Initiate of Trog.
             Slain by an ogre
             ... wielding a +0 giant club
              (20 damage)
             ... on level 3 of the Dungeon.
             The game lasted 00:10:31 (3231 turns).

bilbop the Cudgeller (Minotaur Fighter)             Turns: 3231, Time: 00:10:31

Health: -2/56      AC:  7    Str: 23    XL:     6   Next: 36%
Magic:  5/5        EV:  7    Int:  5    God:    Trog [......]
Gold:   132        SH: 10    Dex:  9    Spells: 5/5 levels left

rFire    . . .     SeeInvis .   a - +0 flail
rCold    . . .     Faith    .   c - +0 kite shield
rNeg     . . .     Spirit   .   b - +0 scale mail
rPois    .         Reflect  .   (helmet restricted)
rElec    .         Harm     .   (no cloak)
rCorr    .         Rampage  .   (no gloves)
Will     .....                  (no boots)
Stlth    ..........             (no amulet)
HPRegen  0.18/turn              (no ring)
MPRegen  0.09/turn              (no ring)

@: no status effects
A: horns 2, retaliatory headbutt
a: Renounce Religion


You were on level 3 of the Dungeon.
You worshipped Trog.
Trog was noncommittal.
You visited 1 branch of the dungeon, and saw 4 of its levels.

You collected 132 gold pieces.

Inventory:

Hand Weapons
 a - a +0 flail (weapon)
Armour
 b - a +0 scale mail (worn)
 c - a +0 kite shield (worn)
Jewellery
 j - a +6 ring of strength
 n - a ring of protection from cold
Scrolls
 e - 2 scrolls of fog {unknown}
 f - 2 scrolls of teleportation {unknown}
 g - a scroll of magic mapping {unknown}
 i - a scroll of noise {unknown}
 k - 2 scrolls of identify {unknown}
 m - a scroll of amnesia {unknown}
Potions
 d - a potion of might
 h - a potion of ambrosia {unknown}
 l - a potion of magic {unknown}


   Skills:
 + Level 5.0 Fighting
 * Level 5.5 Maces & Flails
 + Level 5.0 Armour
 + Level 5.0 Shields
 + Level 0.1 Invocations


You had 5 spell levels left.
You didn't know any spells.
Your spell library contained the following spells:

 Spells                   Type           Power      Damage    Failure   Level
 Sandblast                Erth           0%         2d4       99%         1
 Passwall                 Tmut/Erth      0%         N/A       100%        2
 Confusing Touch          Hex            0%         N/A       100%        3
 Gell's Gravitas          Tloc           0%         N/A       100%        3
 Stone Arrow              Conj/Erth      0%         3d7       100%        3
 Petrify                  Tmut/Erth      0%         N/A       100%        4
 Lee's Rapid Deconstruct  Erth           0%         3d5*      100%        5
 Metabolic Englaciation   Hex/Ice        0%         N/A       100%        5
 Yara's Violent Unravell  Hex/Tmut       0%         3d3       100%        5


Dungeon Overview and Level Annotations

Branches:
Dungeon (4/15)
 Temple: D:4-7

Altars:
Ashenzari
Dithmenos
Elyvilon
Gozag
Kikubaaqudgha
Trog
Xom

Shops:
D:3 [


Innate Abilities, Weirdness & Mutations

You have a pair of horns on your head.
You reflexively headbutt those who attack you in melee.


Message History

The adder barely misses you. You furiously retaliate!
You headbutt the adder, but do no damage.
The hobgoblin hits you but does no damage.
The adder bites you but does no damage.
You closely miss the adder.
The adder is almost dead.
You feel very sick. You block the hobgoblin's attack. The adder bites you.
You are more poisoned.
The adder poisons you! You block the hobgoblin's attack.
The worm bites you but does no damage.
You miss the adder. You headbutt the adder.
You kill the adder!
Trog accepts your kill.
You feel very sick. You block the hobgoblin's attack.
You barely miss the ogre. You headbutt the ogre.
The ogre is lightly wounded.
You feel sick.
The hobgoblin hits you but does no damage.
The worm bites you. The ogre hits you with a +0 giant club!
You are too injured to fight recklessly!
You are too injured to fight recklessly!
You feel sick. You block the ogre's attack.
You feel sick. You block the hobgoblin's attack.
A hound skeleton comes into view.
You feel sick. You block the ogre's attack.
The hobgoblin hits you but does no damage.
You feel sick.
There is an escape hatch in the ceiling here.
You feel sick. The ogre completely misses you. You furiously retaliate!
You headbutt the ogre! The hobgoblin barely misses you.
A mysterious force pulls you upwards. The hatch slams shut behind you.
You feel sick.
You are no longer poisoned.
You barely miss the ogre.
The ogre is heavily wounded.
The worm bites you.
The ogre hits you with a +0 giant club!!
You die...

#.).................
#.....###...........
#....##_##..........
#...####.##.........
#...#..##.#.........
#...#.#.#.#.........
#...#.##(##..)......
#.Ow##.####......)..
#..@#.#.###.........
#..g#.##..#.........
#...#..##.#.........
#...###.###.........
#....##.##..........
#..........).)......
######...#.)<#.#....
#.#####)#.#.###
#.......#...#


You could see an ogre, a worm and a hobgoblin.

Vanquished Creatures
  Sigmund (D:3)
  An orc priest (D:3)
  2 orc wizards (D:3)
  Robin (D:3)
  An adder (D:4)
  3 gnolls (D:3)
  2 adder skeletons (D:4)
  4 dart slugs
  An orc (D:3)
  6 bats
  2 endoplasms (D:1)
  4 giant cockroaches
  7 hobgoblins
  2 jackals (D:1)
  A quokka (D:1)
  6 ball pythons
  2 frilled lizards
  10 goblins
  2 kobolds
  4 rats
62 creatures vanquished.

Vanquished Creatures (others)
  2 withered plants (D:3)
2 creatures vanquished.

Grand Total: 64 creatures vanquished

Notes
Turn   | Place    | Note
-------+----------+-------------------------------------------
     0 | D:1      | bilbop the Minotaur Fighter began the quest for the Orb.
     0 | D:1      | Reached XP level 1. HP: 19/19 MP: 0/0
   139 | D:1      | Found a faded altar of an unknown god.
   153 | D:1      | Found a shadowy altar of Dithmenos.
   337 | D:1      | Reached XP level 2. HP: 27/27 MP: 1/1
  1411 | D:3      | Reached XP level 3. HP: 33/33 MP: 2/2
  1417 | D:3      | Found a broken altar of Ashenzari.
  1434 | D:3      | Noticed Sigmund
  1739 | D:3      | Identified the +0 helmet of Nimuq {Int+6 SInv}
  1739 | D:3      | Noticed Robin
  2036 | D:3      | Killed Robin
  2097 | D:3      | Killed Sigmund
  2098 | D:3      | Reached XP level 4. HP: 13/41 MP: 3/3
  2098 | D:3      | Reached XP level 5. HP: 15/47 MP: 4/4
  2540 | D:3      | Found a shimmering altar of Xom.
  2600 | D:3      | Reached skill level 5 in Maces & Flails
  2625 | D:3      | Found an opulent altar of Gozag.
  2764 | D:3      | Reached XP level 6. HP: 43/55 MP: 5/5
  2768 | D:3      | Found a white marble altar of Elyvilon.
  2772 | D:3      | Reached skill level 5 in Fighting
  2772 | D:3      | Reached skill level 5 in Armour
  2940 | D:3      | Found Inuffaa's Armour Emporium.
  3043 | D:3      | Found a bloodstained altar of Trog.
  3053 | D:3      | Became a worshipper of Trog the Wrathful
  3099 | D:3      | Found an ancient bone altar of Kikubaaqudgha.
  3179 | D:4      | Reached skill level 5 in Shields
  3231 | D:3      | Slain by an ogre

Illustrated notes

Levels and vault maps discovered:
D:1:      amcnicky_arrival_double_pillar, layout_rooms,
          hellmonk_ecumenical_altar_crossroads, st_stairs_9,
          minmay_misc_feat_rugged, dk_noncrumbling_3, kennysheep_flooded_box,
          hangedman_decor_clover_reticule, solitary_fountain,
          columned_hall_lemuel
D:2:      layout_loops_ring
D:3:      layout_basic, general_overflow_altar, overflow_temple_1_default,
          lemuel_round_altar, kiku_gazebo_garden_becter, marbit_many_paths,
          trog_book, serial_shops, nicolae_shop_stone,
          kennysheep_generic_room_3, uniq_robin, uniq_sigmund
D:4:      kennysheep_six_static_rooms, layout_rooms, tso_oasis_becter,
          nicolae_wu_jian_immortal_techniques, amcnicky_mini_corridor_feature

Skill      XL: |  1  2  3  4  5  6 |
---------------+-------------------+-----
Maces & Flails | 3 4 5 |  5.5
Armour         | 4 5 |  5.0
Shields        | 4 5 |  5.0
Fighting       | 4 5 |  5.0
Invocations    | |  0.1

Action                   |  1- 3 |  4- 6 || total
-------------------------+-------+-------++-------
Melee: Flail             |    95 |    62 ||   157
       Headbutt          |    14 |    12 ||    26
Armor: Scale mail        |    63 |    30 ||    93
Dodge: Dodged            |    46 |    22 ||    68
Block: Kite shield       |    46 |    42 ||    88

Table legend: (Time is in decaauts)
 A = Elapsed time spent in this place.
 B = Non-inter-level travel time spent in this place.
 C = Inter-level travel time spent in this place.
 D = Time resting spent in this place.
 E = Time spent auto-exploring this place.
 F = Levels seen in this place.
 G = Mean time per level.
                   A        B        C        D        E       F      G
               +--------+--------+--------+--------+--------+-----+--------+
         Total |   3298 |   3240 |     58 |    749 |   1985 |   4 |  824.5 |
       Dungeon |   3298 |   3240 |     58 |    749 |   1985 |   4 |  824.5 |
               +--------+--------+--------+--------+--------+-----+--------+

Top non-repeatable levels by time:
     D:3: 1237 daAuts
     D:2: 1131 daAuts
     D:1: 864 daAuts
     D:4: 65 daAuts
